giann, lawful female dwarven Valkyrie --- --- ..|---- -- --- ..| -.--..| . ..| --.--|.....| .-..-- |....|....-- -....| ---- |..........| --.@..| ---..-----.........--- |....-- |.......--...........| ---...---------..................-.--- |...^.............).........%........| -.|....---------.......--..^......-- - ..--....... |.....<.----.....(..| -- --......| |.........--........| --.--..| ---..........--...--- --- --- |..........--...| |.............--- --.--....--.--- -----.------ --- giann the Skirmisher Experience level: 4 Strength: 18/06 Dexterity: 16 Constitution: 14 Intelligence: 8 Wisdom: 4 Charisma: 7 Health: 0(43) Energy: 3(3) Def: 14 Gold: 138 Moves: 2253 Dungeon seed: Ae3hguEciJO-Y0AC Game ID: giann_1506456988 Your Inventory: Coins $ - 138 gold pieces Weapons a - a rusty corroded +1 long sword (weapon in hand) F - a +0 aklys Armor e - an uncursed +3 small shield (being worn) n - an uncursed +0 orcish helm (being worn) q - an uncursed +0 plate mail (being worn) I - an uncursed +0 chain mail N - an uncursed +0 dwarvish cloak (being worn) Y - an uncursed +0 pair of iron shoes (being worn) Comestibles o - 5 uncursed tripe rations D - an uncursed orange Scrolls k - a blessed scroll of teleportation v - a cursed scroll of teleportation w - a cursed scroll of enchant weapon Potions u - a cursed potion of healing Rings h - an uncursed +1 ring of gain constitution z - a cursed ring of conflict (on right hand) C - a cursed ring of aggravate monster (on left hand) Wands x - a cursed wand of lightning (0:3) y - a cursed wand of fire (0:3) E - a wand of magic missile (0:7) Tools d - an uncursed oil lamp (0:1354) l - an uncursed skeleton key B - an uncursed tallow candle (0:200) G - a +0 pick-axe Spells and supernatural/magical abilities: Spells marked with '*' are forgotten. Spells marked with '!' are maintained. Spells marked with '#' are aliased with 'castalias'. Name Level Category Fail Memory W - pray for help -- divine ? -- Your skills at the end: Fighting Skills wands [Basic] Weapon Skills dagger [Basic] long sword [Basic] Spellcasting Skills Final Attributes: You were piously aligned. You were cold resistant. You were blinded. You had infravision. You were stealthy. You aggravated monsters. You caused conflict. You are dead. Vanquished creatures: a water nymph 3 gnome lords a little dog a kitten a dwarf a wererat a werejackal 2 iguanas 3 coyotes a gas spore a hobbit 2 giant rats a yellow mold a green mold 9 gnomes 4 geckos 8 jackals 5 goblins 2 sewer rats 3 grid bugs 4 lichens 5 newts 60 creatures vanquished. Voluntary challenges: You used a wielded weapon 44 times, starting on turn 94. You read items or engraved 2 times, starting on turn 2009. You never genocided any monsters. You never polymorphed an object. You never changed form. You used no wishes. You never split a pudding. You never wrote Elbereth's name. You violated your moral code, losing 21 points of alignment, starting on turn 769. Dungeon overview: The Dungeons of Doom: levels 1 to 2 Level 1 an altar to Tyr, a vault a long staircase Level 2 a general store, a fountain, a vault stairs to The Gnomish Mines The Gnomish Mines: levels 3 to 5 Level 3 stairs to The Dungeons of Doom Level 4 Level 5 <- You were here History has recorded: On T:1 you entered the Dungeons of Doom to retrieve the Amulet of Yendor! On T:597 you advanced to experience level 2. On T:653 you reached level 2 of The Dungeons of Doom. On T:988 you advanced to experience level 3. On T:1468 you reached level 1 of The Gnomish Mines. On T:1728 you reached level 2 of The Gnomish Mines. On T:1771 you advanced to experience level 4. On T:2132 you reached level 3 of The Gnomish Mines. Score breakdown: Gold: 138 ( 7289 points) Experience: 4 levels ( 9649 points) Exploration: 5 levels ( 10.42%) ( 8751 points) Discoveries: 10 items ( 4.02%) ( 6012 points) Valuables value: (no points given unless you survive) Artifact value: 0 ( 0 points) Variety of kills: 22 monsters ( 5.74%) ( 7190 points) Turncount: 2253 turns ( -176 points) Survival: died (score multiplied by 80%) Total score: 30972 Latest messages: You have a little trouble lifting J - a lembas wafer. You don't have that object. Never mind. You drop a lembas wafer. You drop a potion of oil. You drop a potion of oil. You drop 2 potions of sickness. The bolt of lightning bounces! The bolt of lightning hits you! You are blinded by the flash! The bolt of fire hits you! The magic missile hits you! You die... Final status: Farvel giann the Valkyrie, killed by a magic missile... You died in The Gnomish Mines on dungeon level 5 with 30972 points, and 138 pieces of gold, after 2253 moves. You were level 4 with a maximum of 43 hit points when you died.